 Dungeon Crawl Stone Soup version 0.30-a0-170-g85af917532 (webtiles) character file.

Game seed: 1912868934122632778

203 qw the Chopper (level 5, -9/32 HPs)
             Began as a Gargoyle Fighter on Sept 30, 2022.
             Mangled by an ogre
             ... wielding a +0 giant club
              (16 damage)
             ... on level 3 of the Dungeon.
             The game lasted 00:01:08 (3092 turns).

qw the Chopper (Gargoyle Fighter)                   Turns: 3092, Time: 00:01:08

Health: -9/32      AC: 14    Str: 22    XL:     5   Next: 81%
Magic:  5/5        EV:  9    Int:  8    God:
Gold:   295        SH:  4    Dex:  9    Spells: 4/4 levels left

rFire   + + .      SeeInvis .    Y - +1 war axe
rCold   x . .      Faith    .    c - +0 buckler
rNeg    + . .      Spirit   .    f - +0 fire dragon scales
rPois   inf        Reflect  .    (no helmet)
rElec   +          Harm     .    (no cloak)
rCorr   .          Rampage  .    (no gloves)
Will    +....                    j - +0 pair of boots
Stlth   ..........               (no amulet)
HPRegen 0.10/turn                o - ring of willpower
MPRegen 0.09/turn                (no ring)

@: no status effects
A: sickness immunity, AC +4, negative energy resistance 1, electricity
resistance, torment resistance 1, petrification resistance
a: no special abilities


You were on level 3 of the Dungeon.
You visited 1 branch of the dungeon, and saw 4 of its levels.

You collected 295 gold pieces.


Innate Abilities, Weirdness & Mutations

You are immune to sickness and miasma.
Your stone body is resilient. (AC +4)
You are immune to poison.
You resist negative energy. (rN+)
You are resistant to electric shocks. (rElec)
You are resistant to unholy torment.
You are immune to petrification.


   Skills:
 + Level 3.2 Fighting
 - Level 5.3 Axes
 - Level 3.2 Armour
 - Level 3.2 Shields


You had 4 spell levels left.
You didn't know any spells.
Your spell library was empty.

Inventory:

Hand Weapons
 i - a +0 flail
 Y - a +1 war axe (weapon)
Armour
 b - a +0 scale mail
 c - a +0 buckler (worn)
 f - +0 fire dragon scales (worn)
 j - a +0 pair of boots (worn)
Jewellery
 o - a ring of willpower (left hand)
Scrolls
 a - a scroll of identify
Potions
 d - a potion of might
 g - 2 potions of curing
 k - a potion of attraction {unknown}
 l - a potion of magic {unknown}
 m - a potion of mutation {unknown}
 p - a potion of cancellation {unknown}

Dungeon Overview and Level Annotations

Branches:
Dungeon (4/15)
 Temple: D:4-7

Altars:

Shops:
D:1 =

Annotations:
D:3 1 runed translucent door, qw's ghost, amateur GrFi


Message History

The black bear barely misses you.
The black bear claws you but does no damage.
You barely miss the black bear.
The black bear is severely wounded.
The black bear goes berserk!
You slash the black bear!
You kill the black bear!
Your surroundings seem slightly different.
Your Axes skill increases to level 5!
You start resting.
HP restored.
The jelly quivers.
Could not explore, unopened runed door.
(D) Dungeon
Where to? (* - list waypoints, Enter - D:4, ? - help)
What level of the Dungeon? (default 1, ? - help)
You see here a black bear skeleton.
There is a stone staircase leading down here.
You climb downwards.
The endoplasm quivers.
You block the ogre's attack.
There is a stone staircase leading up here.
3087 ||| STAIRDANCE The ogre hits you with a +0 giant club!
You climb upwards.
Level annotation: 1 runed translucent door, qw's ghost, amateur GrFi
There is a stone staircase leading down here.
You hit the ogre.
The ogre is lightly wounded.
The ogre hits you with a +0 giant club!
You closely miss the ogre.
The ogre is lightly wounded.
You slash the ogre!
The ogre is heavily wounded.
The ogre closely misses you.
You completely miss the ogre.
The ogre is heavily wounded.
The ogre hits you with a +0 giant club!
Ouch! That really hurt!
You die...

...........########## ##...
...........#........# #....
...........#........# #....
..........##........# #....
####.....###.......)# ####...
~~~#.#.....#.)......#######......
~~~#..####..................PPPP.
7~~##..#####.....%..######.....P.
7..%....####....@%..# ##../...
...'.##....#(....O..# #......
7~~#######..........# #.P...#
~~~# ###.....#### ###..## ~~~#
#.....##### ##... ####
#...<.....###### #...
############...[.###......####)..
.)...%:...#...#########...<......
#########...............######...


You could see an ogre.

Vanquished Creatures
  A black bear (D:3)
  4 adders
  An ufetubus (D:3)
  3 worms
  3 orcs (D:3)
  5 ball pythons
  9 endoplasms
  7 giant cockroaches
  4 goblins
  4 hobgoblins
  6 kobolds
  2 quokkas
  7 bats
  4 frilled lizards
  4 rats
64 creatures vanquished.

Vanquished Creatures (others)
  6 fungi (D:3)
  4 toadstools (D:3)
10 creatures vanquished.

Grand Total: 74 creatures vanquished

Notes
Turn   | Place    | Note
-------+----------+-------------------------------------------
     0 | D:1      | qw the Gargoyle Fighter began the quest for the Orb.
     0 | D:1      | Reached XP level 1. HP: 14/14 MP: 1/1
     0 | D:1      | 0 ||| qw: Version: 0.2-a-12-gaebbb33
     0 | D:1      | 0 ||| qw: Game counter: 1494
     0 | D:1      | 0 ||| qw: Always use a shield: true
     0 | D:1      | 0 ||| qw: God list: Okawaru
     0 | D:1      | 0 ||| qw: Allow faded altars: false
     0 | D:1      | 0 ||| qw: Do Orc after D:15 true
     0 | D:1      | 0 ||| qw: Do second Lair branch before Depths: true
     0 | D:1      | 0 ||| qw: Lair rune preference: random
     0 | D:1      | 0 ||| qw: Plans: Normal, Zot:1-4, God:TSO, Crypt, Tomb,
                  | Pan, Slime:5, Hells, Abyss, Orb
     0 | D:1      | 0 ||| PLANNING D:1-11
    85 | D:1      | Reached skill level 2 in Axes
   127 | D:1      | Found Kuasteuss's Jewellery Emporium.
   151 | D:1      | Reached XP level 2. HP: 19/19 MP: 2/2
   170 | D:1      | 170 ||| DROPPING +0 club.
   175 | D:1      | 175 ||| SHOPLISTING amulet of guardian spirit (330 gold,
                  | have 14).
   175 | D:1      | 175 ||| SHOPLISTING ring of ice (275 gold, have 14).
   175 | D:1      | 175 ||| SHOPLISTING ring of protection from cold (275 gold,
                  | have 14).
   175 | D:1      | 175 ||| SHOPLISTING ring of see invisible (165 gold, have
                  | 14).
   434 | D:1      | Reached skill level 3 in Axes
   489 | D:1      | Reached XP level 3. HP: 23/23 MP: 3/3
   492 | D:1      | 492 ||| Stepping ~*~*~tactically~*~*~ (stealth).
   676 | D:1      | 676 ||| READING scroll labelled LUDWUX HYOX.
   677 | D:1      | 677 ||| READING scroll labelled CATRASHR GOSO.
   680 | D:1      | 680 ||| READING scroll labelled ECOVAF JAROBBO.
   681 | D:1      | 681 ||| READING scroll labelled MAYFE NERI.
   682 | D:1      | 682 ||| READING scroll labelled VIXTECRADOV.
   683 | D:1      | 683 ||| READING scroll labelled ETORAF CUACS.
  1099 | D:2      | 1099 ||| Stepping ~*~*~tactically~*~*~ (stealth).
  1102 | D:2      | 1102 ||| Stepping ~*~*~tactically~*~*~ (stealth).
  1109 | D:2      | 1109 ||| Stepping ~*~*~tactically~*~*~ (stealth).
  1270 | D:2      | 1270 ||| Stepping ~*~*~tactically~*~*~ (stealth).
  1533 | D:2      | 1533 ||| UPGRADING to +0 pair of boots.
  1538 | D:2      | 1538 ||| DROPPING amulet of magic regeneration.
  1539 | D:2      | 1539 ||| UPGRADING to ring of willpower.
  1540 | D:2      | 1540 ||| READING scroll labelled BUISCH TENESAQ.
  1541 | D:2      | 1541 ||| READING scroll labelled CYPPAQ WIBBUPS.
  1542 | D:2      | 1542 ||| READING scroll labelled XYNAGEATOA.
  1543 | D:2      | 1543 ||| READING 2 scrolls of identify.
  1543 | D:2      | 1543 ||| IDENTIFYING pink potion
  1619 | D:3      | Reached XP level 4. HP: 25/28 MP: 4/4
  1682 | D:3      | 1682 ||| Stepping ~*~*~tactically~*~*~ (stealth).
  1684 | D:3      | 1684 ||| Stepping ~*~*~tactically~*~*~ (stealth).
  1686 | D:3      | 1686 ||| Stepping ~*~*~tactically~*~*~ (stealth).
  1694 | D:3      | Reached skill level 4 in Axes
  1954 | D:3      | Found a runed translucent door.
  1957 | D:3      | Noticed qw's ghost (amateur GrFi)
  2154 | D:3      | HP: 6/28 [orc priest/divine providence (13)]
  2155 | D:3      | 2155 ||| READING 2 scrolls of teleportation.
  2178 | D:3      | 2178 ||| FLEEEEING.
  2179 | D:3      | 2179 ||| FLEEEEING.
  2180 | D:3      | 2180 ||| FLEEEEING.
  2181 | D:3      | 2181 ||| FLEEEEING.
  2182 | D:3      | 2182 ||| FLEEEEING.
  2183 | D:3      | 2183 ||| FLEEEEING.
  2186 | D:3      | 2186 ||| FLEEEEING.
  2192 | D:3      | 2192 ||| STAIRDANCE
  2404 | D:2      | 2404 ||| UPGRADING to +0 fire dragon scales.
  2414 | D:2      | 2414 ||| READING scroll labelled SETUID QUOT DICW.
  2468 | D:3      | 2468 ||| Stepping ~*~*~tactically~*~*~ (stealth).
  2470 | D:3      | 2470 ||| Stepping ~*~*~tactically~*~*~ (hiding).
  2471 | D:3      | 2471 ||| Stepping ~*~*~tactically~*~*~ (hiding).
  2599 | D:3      | 2599 ||| DROPPING +0 whip.
  2675 | D:4      | Noticed a black bear
  2678 | D:4      | 2678 ||| STAIRDANCE
  2685 | D:3      | Reached XP level 5. HP: 30/32 MP: 5/5
  2739 | D:4      | Noticed an ogre
  2740 | D:4      | 2740 ||| STAIRDANCE
  2749 | D:3      | HP: 2/32 [black bear (7)]
  2750 | D:3      | 2750 ||| READING scroll of teleportation.
  2752 | D:3      | Killed a black bear
  2753 | D:3      | Reached skill level 5 in Axes
  3087 | D:4      | 3087 ||| STAIRDANCE
  3089 | D:3      | HP: 7/32 [ogre/+0 giant club (12)]
  3092 | D:3      | Mangled by an ogre

Levels and vault maps discovered:
D:1:      nagdon_arrival_double_spiral, layout_basic, serial_shops,
          nicolae_shop_crystal
D:2:      layout_basic
D:3:      layout_rooms, ebering_ghost_inner_flame, minmay_gold_behind_fungi,
          kennysheep_generic_room_4
D:4:      layout_layer_cave, zin_treasury, abandoned_shop

Skill      XL: |  1  2  3  4  5 |
---------------+----------------+-----
Axes           | 2 3 4 5 |  5.3
Fighting       | |  3.2
Armour         | |  3.2
Shields        | |  3.2

Action                   |  1- 3 |  4- 6 || total
-------------------------+-------+-------++-------
Melee: War axe           |   106 |    77 ||   183
  Use: Scroll            |    10 |     3 ||    13
Armor: Scale mail        |    49 |    26 ||    75
       Fire dragon scale |       |    29 ||    29
Dodge: Dodged            |    43 |    37 ||    80
Block: Buckler           |    17 |    24 ||    41

Table legend:
 A = Non-vault XP
 B = Vault XP
 C = Vault XP percentage of total XP
 D = Non-vault monster count
 E = Vault monster count
 F = Vault count percentage of total count
                 A         B        C        D         E       F
            +---------+---------+-------+---------+---------+-------
      Total |     288 |       2 |   0.7 |      63 |       1 |   1.6
            +---------+---------+-------+---------+---------+-------
        D:1 |      39 |       0 |   0.0 |      24 |       0 |   0.0
        D:2 |      38 |       0 |   0.0 |      15 |       0 |   0.0
        D:3 |     211 |       2 |   0.9 |      24 |       1 |   4.0
            +---------+---------+-------+---------+---------+-------
